 Dungeon Crawl Stone Soup version 0.29.0-4-gdea44cf6ec (webtiles) character file.

Game seed: 12336451623950028895

1683 qw the Cleaver (level 9, -7/54 HPs)
             Began as a Tengu Warper on Aug 28, 2022.
             Shot with a bolt by an orc warrior (21 damage)
             ... on level 6 of the Dungeon.
             The game lasted 00:00:49 (7258 turns).

qw the Cleaver (Tengu Warper)                       Turns: 7258, Time: 00:00:49

Health: -7/54      AC: 15    Str: 16    XL:     9   Next: 2%
Magic:  13/13      EV: 12    Int: 14    God:
Gold:   53         SH:  4    Dex: 13    Spells: 12/12 levels left

rFire   x . .      SeeInvis +   Y - +0 hand axe
rCold   + + .      Faith    .   (no shield)
rNeg    . . .      Spirit   .   k - +0 ice dragon scales
rPois   .          Reflect  .   (helmet restricted)
rElec   .          Harm     .   q - +0 cloak
rCorr   .          Rampage  .   g - +1 pair of gloves
Will    +....                   (boots unavailable)
Stlth   ..........              (no amulet)
HPRegen 0.18/turn               c - ring of see invisible
MPRegen 0.13/turn               e - ring of willpower

@: flying quickly and evasively, quick
A: beak, talons 3, nimble flight, iridescent scales 1, large bone plates 1,
sense surroundings 1
a: no special abilities


You were on level 6 of the Dungeon.
You visited 1 branch of the dungeon, and saw 7 of its levels.

You collected 241 gold pieces.
You spent 188 gold pieces at shops.


Innate Abilities, Weirdness & Mutations

You have a beak for a mouth.
You have claws for feet.
Your magical nature lets you fly swiftly and evasively.
You are partially covered in iridescent scales. (AC +2)
You are partially covered in large bone plates. (SH +4)
You passively map a small area around you.


   Skills:
 - Level 5.0 Fighting
 - Level 10.5 Axes
 - Level 1.0 Throwing
 + Level 2.9 Armour
 - Level 3.4 Dodging
 - Level 2.0 Spellcasting
 - Level 2.4 Translocations


You had 12 spell levels left.
You didn't know any spells.
Your spell library contained the following spells:

 Spells                   Type           Power      Damage    Failure   Level
 Blink                    Tloc           16%        N/A       54%         2
 Gell's Gravitas          Tloc           8%         N/A       77%         3
 Lesser Beckoning         Tloc           8%         N/A       77%         3
 Teleport Other           Tloc           8%         N/A       77%         3
 Manifold Assault         Tloc           8%         N/A       100%        5

Inventory:

Hand Weapons
 m - a +0 flail
 Y - a +0 hand axe (weapon)
Armour
 g - a +1 pair of gloves (worn)
 h - a +2 ring mail of poison resistance
 i - a +0 chain mail
 k - +0 ice dragon scales (worn)
 q - a +0 cloak (worn)
Jewellery
 c - a ring of see invisible (left hand)
 e - a ring of willpower (right hand)
 f - a ring of resist corrosion
Scrolls
 b - a scroll of identify
Potions
 d - 2 potions of mutation
 j - a potion of cancellation

Dungeon Overview and Level Annotations

Branches:
Dungeon (7/15)
 Temple: D:4-7

Altars:
Ashenzari
Elyvilon

Shops:
D:2 [   D:5 [[[([   D:6 [


Message History

You feel sick.
7239 ||| FLEEEEING.
You feel sick.
7240 ||| FLEEEEING.
You feel sick.
7241 ||| FLEEEEING.
You feel sick.
7242 ||| FLEEEEING.
You feel sick.
7243 ||| FLEEEEING.
You feel sick.
7244 ||| FLEEEEING.
You feel sick.
You are no longer poisoned.
7245 ||| FLEEEEING.
7246 ||| FLEEEEING.
7247 ||| FLEEEEING.
7248 ||| FLEEEEING.
7249 ||| FLEEEEING.
7250 ||| FLEEEEING.
There is a stone staircase leading up here.
7253 ||| STAIRDANCE You fly upwards.
The rust devil screeches!
The orc warrior shouts! x2
The orc warrior unwields a +0 mace.
The orc warrior wields a +0 arbalest.
The orc warrior shoots a bolt.
The bolt hits you.
Found a scimitar, a war axe, a halberd and a morningstar.
There is a stone staircase leading down here.
You hit the orc warrior.
You claw the orc warrior, but do no damage.
Your peck misses the orc warrior.
The orc warrior is lightly wounded.
You barely miss the orc warrior. Your kick misses the orc warrior.
The orc warrior is lightly wounded.
The orc warrior shoots a bolt.
The bolt misses you.
You hit the orc warrior.
The orc warrior is lightly wounded.
The orc warrior completely misses you.
The orc warrior shoots a bolt.
The bolt hits you!!
You die...

...#
####.#####....##<# #
...#
#............##### #
...# #.###.....##..# #
...# #.#...###...#.#
...# #...### ###...##
##.# #..##)#+#)##...#
#.# #..#7.....7#...#
#.# #.##....4.o##..#
#.####.#\...8o.@>#..#
##...##.##....4..##.##
......#..#7.....7#..#
#####....##)#+#)##.##
# ###...###,###..#
#.....###...##
##........###
###....### ######


You could see 2 rust devils and 2 orc warriors.

Vanquished Creatures
  Grinder (D:5)
  A water moccasin (D:5)
  An ice beast (D:5)
  3 ogres
  A kobold brigand (D:7)
  A necrophage (D:4)
  5 scorpions
  2 howler monkeys
  2 hounds
  An orc priest (D:5)
  4 iguanas
  Terence (D:3)
  3 orc wizards
  5 gnolls
  4 adders
  2 white imps
  5 ufetubi
  A worm (D:3)
  4 dart slugs
  12 orcs
  11 ball pythons
  4 bats
  7 endoplasms
  2 giant cockroaches (D:3)
  7 goblins
  18 hobgoblins
  4 jackals
  7 frilled lizards
  8 kobolds
  3 rats (D:3)
130 creatures vanquished.

Notes
Turn   | Place    | Note
-------+----------+-------------------------------------------
     0 | D:1      | qw the Tengu Warper began the quest for the Orb.
     0 | D:1      | Reached XP level 1. HP: 12/12 MP: 4/4
     0 | D:1      | 0 ||| qw: Version: 0.1-a-89-g26bdef1
     0 | D:1      | 0 ||| qw: Game counter: 1801
     0 | D:1      | 0 ||| qw: Always use a shield: true
     0 | D:1      | 0 ||| qw: God list: Okawaru
     0 | D:1      | 0 ||| qw: Allow faded altars: false
     0 | D:1      | 0 ||| qw: Do Orc after D:15 true
     0 | D:1      | 0 ||| qw: Do second Lair branch before Depths: true
     0 | D:1      | 0 ||| qw: Lair rune preference: random
     0 | D:1      | 0 ||| qw: Plans: Normal
     0 | D:1      | 0 ||| PLANNING D:1-11
   145 | D:1      | Reached skill level 3 in Axes
   145 | D:1      | Reached XP level 2. HP: 17/17 MP: 6/6
   175 | D:1      | Reached XP level 3. HP: 16/21 MP: 7/7
   296 | D:1      | 296 ||| Stepping ~*~*~tactically~*~*~ (hiding).
   398 | D:1      | 398 ||| Stepping ~*~*~tactically~*~*~ (hiding).
   597 | D:1      | Found a faded altar of an unknown god.
   628 | D:1      | 628 ||| Stepping ~*~*~tactically~*~*~ (stealth).
   661 | D:1      | 661 ||| Stepping ~*~*~tactically~*~*~ (stealth).
   665 | D:1      | Reached skill level 4 in Axes
   858 | D:1      | 858 ||| Stepping ~*~*~tactically~*~*~ (stealth).
   865 | D:1      | 865 ||| Stepping ~*~*~tactically~*~*~ (stealth).
   868 | D:1      | 868 ||| Stepping ~*~*~tactically~*~*~ (stealth).
  1405 | D:1      | 1405 ||| UPGRADING to +2 ring mail of poison resistance.
  1415 | D:1      | 1415 ||| DROPPING +0 leather armour.
  1416 | D:1      | 1416 ||| READING scroll labelled GUPTYE RARCHE.
  1417 | D:1      | 1417 ||| DRINKING 2 white potions.
  1418 | D:1      | 1418 ||| DROPPING scroll of blinking.
  1560 | D:2      | 1560 ||| Stepping ~*~*~tactically~*~*~ (hiding).
  1569 | D:2      | 1569 ||| FLEEEEING.
  1570 | D:2      | 1570 ||| FLEEEEING.
  1571 | D:2      | 1571 ||| FLEEEEING.
  1572 | D:2      | 1572 ||| FLEEEEING.
  1573 | D:2      | 1573 ||| FLEEEEING.
  1574 | D:2      | 1574 ||| FLEEEEING.
  1575 | D:2      | 1575 ||| FLEEEEING.
  1576 | D:2      | 1576 ||| FLEEEEING.
  1577 | D:2      | 1577 ||| FLEEEEING.
  1578 | D:2      | 1578 ||| FLEEEEING.
  1580 | D:2      | 1580 ||| FLEEEEING.
  1581 | D:2      | 1581 ||| FLEEEEING.
  1582 | D:2      | 1582 ||| FLEEEEING.
  1583 | D:2      | 1583 ||| FLEEEEING.
  1584 | D:2      | 1584 ||| FLEEEEING.
  1585 | D:2      | 1585 ||| FLEEEEING.
  1586 | D:2      | 1586 ||| FLEEEEING.
  1587 | D:2      | 1587 ||| FLEEEEING.
  1588 | D:2      | 1588 ||| FLEEEEING.
  1589 | D:2      | 1589 ||| FLEEEEING.
  1590 | D:2      | 1590 ||| FLEEEEING.
  1591 | D:2      | 1591 ||| FLEEEEING.
  1592 | D:2      | 1592 ||| FLEEEEING.
  1593 | D:2      | 1593 ||| FLEEEEING.
  1594 | D:2      | 1594 ||| FLEEEEING.
  1595 | D:2      | 1595 ||| FLEEEEING.
  1596 | D:2      | 1596 ||| FLEEEEING.
  1597 | D:2      | 1597 ||| FLEEEEING.
  1598 | D:2      | 1598 ||| FLEEEEING.
  1599 | D:2      | 1599 ||| FLEEEEING.
  1605 | D:2      | 1605 ||| FLEEEEING.
  1606 | D:2      | 1606 ||| FLEEEEING.
  1607 | D:2      | 1607 ||| FLEEEEING.
  1611 | D:2      | 1611 ||| FLEEEEING.
  1613 | D:2      | 1613 ||| STAIRDANCE
  1671 | D:1      | 1671 ||| DRINKING 2 bubbling cyan potions.
  1672 | D:1      | 1672 ||| DROPPING potion of brilliance.
  1677 | D:2      | Reached XP level 4. HP: 26/26 MP: 8/8
  1958 | D:2      | Found Gujats's Armour Shop.
  1963 | D:2      | 1963 ||| SHOPLISTING +0 buckler (58 gold, have 51).
  1963 | D:2      | 1963 ||| SHOPLISTING +0 kite shield (58 gold, have 51).
  1963 | D:2      | 1963 ||| SHOPLISTING +0 tower shield (58 gold, have 51).
  1963 | D:2      | 1963 ||| SHOPLISTING +1 Delatra's gloves {ID++} (130 gold,
                  | have 51).
  1963 | D:2      | 1963 ||| SHOPLISTING +2 pair of gloves of stealth (279
                  | gold, have 51).
  1963 | D:2      | 1963 ||| SHOPLISTING +2 scale mail of cold resistance (273
                  | gold, have 51).
  2022 | D:2      | 2022 ||| Stepping ~*~*~tactically~*~*~ (stealth).
  2081 | D:2      | Reached skill level 5 in Axes
  2372 | D:2      | Found a white marble altar of Elyvilon.
  2599 | D:2      | 2599 ||| UPGRADING to ring of see invisible.
  2639 | D:3      | 2639 ||| STAIRDANCE
  2645 | D:3      | Gained mutation: Your magical nature lets you fly swiftly
                  | and evasively. [Tengu growth]
  2645 | D:3      | Reached XP level 5. HP: 27/30 MP: 9/9
  2690 | D:3      | Noticed Terence
  2709 | D:3      | Killed Terence
  2711 | D:3      | 2711 ||| FLEEEEING.
  2712 | D:3      | 2712 ||| FLEEEEING.
  2713 | D:3      | 2713 ||| FLEEEEING.
  2714 | D:3      | 2714 ||| FLEEEEING.
  2715 | D:3      | 2715 ||| STAIRDANCE
  2857 | D:2      | 2857 ||| READING scroll labelled ITIJ SEPRIFE.
  3004 | D:3      | 3004 ||| Stepping ~*~*~tactically~*~*~ (stealth).
  3019 | D:3      | 3019 ||| Stepping ~*~*~tactically~*~*~ (stealth).
  3031 | D:3      | 3031 ||| Stepping ~*~*~tactically~*~*~ (stealth).
  3179 | D:3      | Reached skill level 6 in Axes
  3553 | D:3      | 3553 ||| READING scroll labelled BESIBBOALI.
  3556 | D:3      | 3556 ||| DRINKING 2 silvery potions.
  3556 | D:3      | Gained mutation: You are partially covered in large bone
                  | plates. (SH +4) [potion of mutation]
  3556 | D:3      | Gained mutation: You are partially covered in iridescent
                  | scales. (AC +2) [potion of mutation]
  3556 | D:3      | Gained mutation: You passively map a small area around you.
                  | [potion of mutation]
  3557 | D:3      | 3557 ||| READING 3 scrolls of identify.
  3557 | D:3      | 3557 ||| IDENTIFYING blue potion
  3558 | D:3      | 3558 ||| READING 2 scrolls of identify.
  3558 | D:3      | 3558 ||| IDENTIFYING golden potion
  3559 | D:3      | 3559 ||| DROPPING potion of flight.
  3622 | D:4      | Reached XP level 6. HP: 35/35 MP: 10/10
  3795 | D:4      | 3795 ||| Stepping ~*~*~tactically~*~*~ (stealth).
  3796 | D:4      | 3796 ||| Stepping ~*~*~tactically~*~*~ (stealth).
  3797 | D:4      | 3797 ||| Stepping ~*~*~tactically~*~*~ (stealth).
  3812 | D:4      | Identified the +6 spear of Fundamental Breach {drain, rElec
                  | rC+}
  3909 | D:4      | 3909 ||| DRINKING 2 potions of curing.
  3909 | D:4      | 3909 ||| (to cure confusion)
  3912 | D:4      | 3912 ||| DRINKING potion of curing.
  3912 | D:4      | 3912 ||| (to cure confusion)
  3918 | D:4      | Reached skill level 7 in Axes
  4088 | D:4      | HP: 8/36 [ogre/+0 giant spiked club (15)]
  4089 | D:4      | 4089 ||| DRINKING 2 potions of heal wounds.
  4091 | D:4      | HP: 3/36 [ogre/+0 giant spiked club (19)]
  4092 | D:4      | 4092 ||| DRINKING potion of heal wounds.
  4095 | D:4      | Reached skill level 3 in Fighting
  4254 | D:4      | 4254 ||| UPGRADING to +0 pair of gloves.
  4259 | D:4      | 4259 ||| READING scroll labelled KOIHAS VABETT.
  4260 | D:4      | 4260 ||| READING scroll labelled EDGHUU HUATEQ.
  4261 | D:4      | 4261 ||| READING 2 scrolls of identify.
  4261 | D:4      | 4261 ||| IDENTIFYING viscous pink potion
  4293 | D:5      | Entered Level 5 of the Dungeon
  4301 | D:5      | Found Qoovvosk's Antique Armour Shoppe.
  4341 | D:5      | 4341 ||| BUYING chain mail (130 gold).
  4341 | D:5      | Bought a chain mail for 130 gold pieces
  4341 | D:5      | 4341 ||| SHOPLISTING embroidered scarf (232 gold, have 44).
  4341 | D:5      | 4341 ||| SHOPLISTING glowing chain mail (217 gold, have
                  | 44).
  4341 | D:5      | 4341 ||| SHOPLISTING plate armour (667 gold, have 44).
  4341 | D:5      | 4341 ||| SHOPLISTING shiny steam dragon scales (1247 gold,
                  | have 44).
  4352 | D:5      | 4352 ||| DROPPING +0 whip.
  4362 | D:5      | Found a broken altar of Ashenzari.
  4444 | D:5      | Reached XP level 7. HP: 38/41 MP: 11/11
  4796 | D:5      | 4796 ||| Stepping ~*~*~tactically~*~*~ (stealth).
  4844 | D:5      | Found Axodugue's Antique Weapon Boutique.
  4847 | D:5      | 4847 ||| SHOPLISTING runed mace (162 gold, have 67).
  4861 | D:5      | Found Qomuc's Antique Armour Shoppe.
  4884 | D:5      | Reached skill level 8 in Axes
  5153 | D:5      | Reached skill level 3 in Dodging
  5297 | D:5      | 5297 ||| Stepping ~*~*~tactically~*~*~ (stealth).
  5298 | D:5      | Noticed Grinder
  5299 | D:5      | 5299 ||| Stepping ~*~*~tactically~*~*~ (hiding).
  5326 | D:5      | 5326 ||| Stepping ~*~*~tactically~*~*~ (hiding).
  5327 | D:5      | Paralysed by Grinder for 4 turns
  5342 | D:5      | Killed Grinder
  5343 | D:5      | Reached XP level 8. HP: 23/47 MP: 12/12
  5511 | D:5      | Reached skill level 9 in Axes
  5758 | D:5      | 5758 ||| Stepping ~*~*~tactically~*~*~ (hiding).
  5933 | D:5      | Found Yshre's Armour Shoppe.
  5936 | D:5      | 5936 ||| SHOPLISTING +10 chain mail of the Ward {rPois}
                  | (722 gold, have 79).
  5936 | D:5      | 5936 ||| SHOPLISTING +18 shield of the Gong {rElec rN+
                  | Will+ EV-5} (1070 gold, have 79).
  5936 | D:5      | 5936 ||| SHOPLISTING +2 chain mail of fire resistance (236
                  | gold, have 79).
  5959 | D:5      | Found Muilo's Armour Shop.
  5964 | D:5      | 5964 ||| BUYING +0 cloak (58 gold).
  5964 | D:5      | Bought a +0 cloak for 58 gold pieces
  5964 | D:5      | 5964 ||| SHOPLISTING +0 plate armour of Ru's Favour {rN+
                  | Regen+ Int+5} (581 gold, have 21).
  5964 | D:5      | 5964 ||| SHOPLISTING +0 tower shield (58 gold, have 21).
  6072 | D:5      | 6072 ||| SHOPLISTING glowing chain mail (210 gold, have
                  | 21).
  6072 | D:5      | 6072 ||| SHOPLISTING glowing ring mail (196 gold, have 21).
  6072 | D:5      | 6072 ||| SHOPLISTING plate armour (644 gold, have 21).
  6072 | D:5      | 6072 ||| SHOPLISTING shiny scale mail (196 gold, have 21).
  6072 | D:5      | 6072 ||| DROPPING +1 scale mail of cold resistance.
  6073 | D:5      | 6073 ||| UPGRADING to +0 cloak.
  6078 | D:5      | 6078 ||| READING scroll labelled IVYMAEDOZXI.
  6079 | D:5      | 6079 ||| READING scroll labelled NOUTWI LINOTEORR.
  6080 | D:5      | 6080 ||| READING 2 scrolls of identify.
  6080 | D:5      | 6080 ||| IDENTIFYING glowing clear potion
  6081 | D:5      | 6081 ||| DROPPING potion of lignification.
  6405 | D:6      | 6405 ||| Stepping ~*~*~tactically~*~*~ (hiding).
  6416 | D:6      | HP: 11/48 [constriction (4)]
  6417 | D:6      | 6417 ||| READING 2 scrolls of teleportation.
  6418 | D:6      | 6418 ||| DRINKING 2 potions of heal wounds.
  6438 | D:6      | Reached skill level 10 in Axes
  6438 | D:6      | HP: 8/48 [ogre/+0 giant club (14)]
  6439 | D:6      | 6439 ||| READING scroll of teleportation.
  6440 | D:6      | 6440 ||| DRINKING potion of heal wounds.
  6444 | D:6      | Found Ymeity's Antique Armour Boutique.
  6462 | D:6      | 6462 ||| Stepping ~*~*~tactically~*~*~ (stealth).
  6465 | D:6      | 6465 ||| Stepping ~*~*~tactically~*~*~ (stealth).
  6471 | D:6      | 6471 ||| Stepping ~*~*~tactically~*~*~ (stealth).
  6472 | D:6      | 6472 ||| Stepping ~*~*~tactically~*~*~ (stealth).
  6509 | D:6      | 6509 ||| Stepping ~*~*~tactically~*~*~ (stealth).
  6522 | D:6      | 6522 ||| Stepping ~*~*~tactically~*~*~ (stealth).
  6523 | D:6      | 6523 ||| Stepping ~*~*~tactically~*~*~ (stealth).
  6524 | D:6      | 6524 ||| Stepping ~*~*~tactically~*~*~ (stealth).
  6525 | D:6      | 6525 ||| Stepping ~*~*~tactically~*~*~ (stealth).
  6527 | D:6      | 6527 ||| Stepping ~*~*~tactically~*~*~ (stealth).
  6528 | D:6      | 6528 ||| Stepping ~*~*~tactically~*~*~ (stealth).
  6529 | D:6      | 6529 ||| Stepping ~*~*~tactically~*~*~ (stealth).
  6530 | D:6      | 6530 ||| Stepping ~*~*~tactically~*~*~ (stealth).
  6544 | D:6      | 6544 ||| SHOPLISTING runed plate armour (676 gold, have
                  | 21).
  6544 | D:6      | 6544 ||| SHOPLISTING smoking scale mail (234 gold, have
                  | 21).
  6561 | D:6      | 6561 ||| Stepping ~*~*~tactically~*~*~ (hiding).
  6630 | D:6      | 6630 ||| READING scroll of enchant armour.
  6630 | D:6      | 6630 ||| ENCHANTING +0 pair of gloves.
  6716 | D:6      | 6716 ||| Stepping ~*~*~tactically~*~*~ (stealth).
  6717 | D:6      | 6717 ||| Stepping ~*~*~tactically~*~*~ (stealth).
  6718 | D:6      | 6718 ||| Stepping ~*~*~tactically~*~*~ (stealth).
  6957 | D:6      | 6957 ||| UPGRADING to +0 ice dragon scales.
  6967 | D:6      | 6967 ||| UPGRADING to ring of resist corrosion.
  6968 | D:6      | 6968 ||| UPGRADING to ring of willpower.
  6970 | D:6      | 6970 ||| READING scroll labelled OTUIS HILU.
  6971 | D:6      | 6971 ||| DRINKING 2 yellow potions.
  6972 | D:6      | 6972 ||| READING 2 scrolls of identify.
  6972 | D:6      | 6972 ||| IDENTIFYING pink potion
  6973 | D:6      | 6973 ||| DROPPING potion of invisibility.
  6974 | D:6      | 6974 ||| DROPPING potion of attraction.
  7153 | D:6      | 7153 ||| Stepping randomly (stuck).
  7215 | D:7      | 7215 ||| Stepping ~*~*~tactically~*~*~ (stealth).
  7230 | D:7      | HP: 12/49 [poisoned by a kobold brigand]
  7231 | D:7      | 7231 ||| DRINKING potion of heal wounds.
  7233 | D:7      | Reached XP level 9. HP: 32/54 MP: 13/13
  7233 | D:7      | 7233 ||| FLEEEEING.
  7234 | D:7      | 7234 ||| FLEEEEING.
  7235 | D:7      | 7235 ||| FLEEEEING.
  7236 | D:7      | 7236 ||| FLEEEEING.
  7237 | D:7      | 7237 ||| FLEEEEING.
  7238 | D:7      | 7238 ||| FLEEEEING.
  7239 | D:7      | 7239 ||| FLEEEEING.
  7240 | D:7      | 7240 ||| FLEEEEING.
  7241 | D:7      | 7241 ||| FLEEEEING.
  7242 | D:7      | 7242 ||| FLEEEEING.
  7243 | D:7      | 7243 ||| FLEEEEING.
  7244 | D:7      | 7244 ||| FLEEEEING.
  7244 | D:7      | HP: 13/54 [poisoned by a kobold brigand]
  7245 | D:7      | 7245 ||| FLEEEEING.
  7246 | D:7      | 7246 ||| FLEEEEING.
  7247 | D:7      | 7247 ||| FLEEEEING.
  7248 | D:7      | 7248 ||| FLEEEEING.
  7249 | D:7      | 7249 ||| FLEEEEING.
  7250 | D:7      | 7250 ||| FLEEEEING.
  7253 | D:7      | 7253 ||| STAIRDANCE
  7254 | D:6      | Noticed a rust devil
  7254 | D:6      | Noticed a rust devil
  7254 | D:6      | HP: 13/54 [orc warrior/bolt (1)]
  7258 | D:6      | Shot with a bolt by an orc warrior

Levels and vault maps discovered:
D:1:      lightli_arrival_farm, layout_basic, chequers_ecumenical_altar_simple
D:2:      layout_basic, serial_shops, shop, basic_altar
D:3:      layout_basic, minmay_between, uniq_terence
D:4:      layout_cave_pools, kennysheep_generic_room_10
D:5:      layout_loops_ring, nicolae_ashenzari_panopticon, serial_shops,
          nicolae_inconvenience_store, shop, nicolae_shop_behind_doors,
          nicolae_diamond_shop, nicolae_shop_hallway_plus, chequers_arboretum,
          uniq_grinder
D:6:      cheibrodos_iron_armory, layout_basic, serial_shops,
          nicolae_shop_advertising_works [nicolae_subvault_shop_adworks]
D:7:      layout_loops_ring, grunt_temple_overflow_diamond,
          nemelex_spade_bored_becter, temple_doors_cd, minmay_increasing_density

Skill      XL: |  1  2  3  4  5  6  7  8 |
---------------+-------------------------+-----
Axes           | 3 4 5 6 7 8 10 | 10.5
Fighting       | 3 5 |  5.0
Dodging        | 3 |  3.4
Armour         | 2 |  2.9
Throwing       | |  1.0
Spellcasting   | |  2.0
Translocations | |  2.4

Action                   |  1- 3 |  4- 6 |  7- 9 || total
-------------------------+-------+-------+-------++-------
Melee: Hand axe          |    77 |   170 |   218 ||   465
       Peck              |     8 |    23 |    38 ||    69
       Kick              |    16 |    46 |    75 ||   137
       Punch             |     1 |     3 |     3 ||     7
Throw: Boomerang         |     7 |       |     8 ||    15
  Use: Potion            |     2 |     5 |     4 ||    11
       Scroll            |     1 |     7 |     8 ||    16
Armor: Leather armour    |    12 |       |       ||    12
       Ring mail         |     5 |    68 |    48 ||   121
       Ice dragon scales |       |       |     6 ||     6
Dodge: Dodged            |    46 |   113 |    94 ||   253
Block: Other             |       |    14 |    23 ||    37

Table legend:
 A = Non-vault XP
 B = Vault XP
 C = Vault XP percentage of total XP
 D = Non-vault monster count
 E = Vault monster count
 F = Vault count percentage of total count
                 A         B        C        D         E       F
            +---------+---------+-------+---------+---------+-------
      Total |    2078 |     327 |  13.6 |     124 |       6 |   4.6
            +---------+---------+-------+---------+---------+-------
        D:1 |      73 |       0 |   0.0 |      32 |       0 |   0.0
        D:2 |      90 |       0 |   0.0 |      22 |       0 |   0.0
        D:3 |      43 |      42 |  49.4 |      15 |       4 |  21.1
        D:4 |     348 |       4 |   1.1 |      17 |       1 |   5.6
        D:5 |     762 |     281 |  26.9 |      20 |       1 |   4.8
        D:6 |     665 |       0 |   0.0 |      16 |       0 |   0.0
        D:7 |      97 |       0 |   0.0 |       2 |       0 |   0.0
            +---------+---------+-------+---------+---------+-------
